 Dungeon Crawl Stone Soup version 0.31-a0-662-g684573625c (webtiles) character file.

Game seed: 2665974464005790020

64 Xavori the Trooper (level 4, -1/32 (33) HPs)
             Began as an Octopode Chaos Knight on Sept 1, 2023.
             Was a Plaything of Xom.
             Slain by a hobgoblin (6 damage)
             ... led by Robin
             ... on level 2 of the Dungeon.
             The game lasted 00:01:16 (1548 turns).

Xavori the Trooper (Octopode Chaos Knight)          Turns: 1548, Time: 00:01:17

HP:   -1/32 (33)    AC:  1    Str: 11    XL:     4   Next: 12%
MP:   0/4           EV: 13    Int: 14    God:    Xom [..*...]
Gold: 77            SH:  0    Dex: 13    Spells: 3/3 levels left

rFire   . . .        a - +0 short sword (chaos)
rCold   . . .        (no shield)
rNeg    . . .        (helmet restricted)
rPois   .            h - amulet of guardian spirit
rElec   .            (no ring)
rCorr   .            (no ring)
SInv    .            (no ring)
Will    .....        (no ring)
Stlth   +++          (no ring)
HPRegen 0.25/turn    (no ring)
MPRegen 0.09/turn    (no ring)
                     (no ring)

%: guardian spirit
@: lightly drained
A: almost no armour, amphibious, 8 rings, camouflage 1, gelatinous body 1,
(nimble swimmer 1), tentacles
a: Renounce Religion


You were on level 2 of the Dungeon.
You worshipped Xom.
You were a toy of Xom.
You visited 1 branch of the dungeon, and saw 2 of its levels.

You collected 77 gold pieces.

Inventory:

Hand Weapons
 a - a +0 short sword of chaos (weapon)
Jewellery
 f - a ring of wizardry
 h - an amulet of guardian spirit (around mantle)
Scrolls
 b - a scroll of butterflies
 c - 4 scrolls of identify {unknown}
 d - a scroll of noise {unknown}
 e - a scroll of torment {unknown}
 k - a scroll of enchant weapon {unknown}
Potions
 g - a potion of berserk rage {unknown}
 i - a potion of heal wounds {unknown}
 j - a potion of haste {unknown}


   Skills:
 + Level 3.7 Fighting
 + Level 3.7 Short Blades
 + Level 2.5 Dodging
 + Level 2.1 Stealth
 * Level 0.2 Spellcasting


You had 3 spell levels left.
You didn't know any spells.
Your spell library was empty.

Dungeon Overview and Level Annotations

Branches:
Dungeon (2/15)

Altars:

Annotations:
D:2 Robin


Innate Abilities, Weirdness & Mutations

You cannot wear most types of armour.
You are amphibious.
You can wear up to eight rings at the same time.
Your skin changes colour to match your surroundings (Stealth+).
Your rubbery body absorbs attacks. (AC +1, EV +1)
((You are camouflaged when in or above water. (Stealth+)))
You have tentacles for arms and can constrict up to eight enemies at once.


Message History

The stone closely misses you. The bat misses you.
You hit the bat but do no damage. Your grab misses the bat.
Xom's power touches on a nearby monster.
The hobgoblin suddenly seems more resistant.
You are now a very special plaything of Xom.
The bat closely misses you.
You barely miss the goblin. Your grab misses the goblin.
The goblin is moderately wounded.
Xom almost notices you.
A monocle briefly appears over your right eye.
You are now a toy of Xom.
The bat hits you but does no damage.
You hit the hobgoblin. Your grab misses the hobgoblin.
The hobgoblin is moderately wounded.
The hobgoblin barely misses you. The goblin misses you.
The bat hits you but does no damage.
You closely miss Robin. Your grab misses Robin. The bat closely misses you.
The bat barely misses you. The hobgoblin hits you.
The goblin barely misses you.
Robin says, "Duck!"
Robin hits you with a +0 falchion.
The hobgoblin hits you from afar with a +0 spear.
Unknown command.
Robin hits you with a +0 falchion. The hobgoblin misses you.
The bat hits you but does no damage.
The hobgoblin attacks as it pursues you!
The hobgoblin hits you from afar with a +0 spear!
* * * LOW HITPOINT WARNING * * *
The bat misses you. Robin throws the goblin at you!
* * * LOW HITPOINT WARNING * * *
The frilled lizard misses you. The goblin barely misses you.
The hobgoblin attacks as it pursues you!
The hobgoblin closely misses you. The goblin hits you with a +0 club.
* * * LOW HITPOINT WARNING * * *
The goblin shouts!
The goblin no longer looks unusually strong.
The hobgoblin attacks as it pursues you!
The hobgoblin hits you!
You die...
Xom chortles!

....###.....##.#...## ##.#.....#
....###.....##.#....#####.#######
.....##..##....#..#..#.........#
..........#.#.....#............#
...............##..............#
............g......##..###.#####
..........g.g.....#.........##...
..........#.(g...................
lg........gglg.g@................
...#...#...bg.g...##..........>..
.###.).#...##.....###............
.......)...g......###..........).
#..........#............)........
#..........##.....###....).......
#..........#.......###...........
#............#.....# ##..........
#..........#.. ## #####.#.###


You could see Robin, 4 hobgoblins, 6 goblins, a bat and a frilled lizard.

Vanquished Creatures
  A worm (D:2)
  A dart slug (D:1)
  2 ball pythons (D:1)
  8 endoplasms
  3 giant cockroaches
  11 goblins
  7 hobgoblins
  2 jackals (D:1)
  3 kobolds
  6 bats
  A frilled lizard (D:2)
  3 rats (D:1)
48 creatures vanquished.

Notes
Turn   | Place    | Note
-------+----------+-------------------------------------------
     0 | D:1      | Xavori the Octopode Chaos Knight began the quest for the
                  | Orb.
     0 | D:1      | Reached XP level 1. HP: 16/16 MP: 1/1
   406 | D:1      | Reached XP level 2. HP: 21/21 MP: 2/2
   710 | D:1      | XOM: divination: detect items
   712 | D:1      | Reached skill level 1 in Stealth
   712 | D:1      | Reached XP level 3. HP: 25/26 MP: 3/3
   996 | D:1      | XOM: silly message
  1210 | D:2      | Noticed Robin
  1442 | D:2      | Reached XP level 4. HP: 28/32 MP: 4/4
  1537 | D:2      | XOM: enchant monster (bad)
  1538 | D:2      | XOM: silly message
  1548 | D:2      | Slain by a hobgoblin

Illustrated notes

Levels and vault maps discovered:
D:1:      saegor_arrival_simple_d, layout_basic, minmay_domino_2
D:2:      layout_rooms, serial_glass, glass_columns_b, glass_columns_c,
          uniq_robin

Skill      XL: |  1  2  3 |
---------------+----------+-----
Stealth        | 1 2 |  2.1
Fighting       | |  3.7
Short Blades   | |  3.7
Dodging        | |  2.5
Spellcasting   | |  0.2

Action                     |  1- 3 |  4- 6 || total
---------------------------+-------+-------++-------
  Melee: Short sword       |    86 |    11 ||    97
         Constrict         |    18 |     3 ||    21
         Tentacles         |    16 |     1 ||    17
         Punch             |     1 |       ||     1
   Stab: Sleeping          |     7 |       ||     7
         Confused          |     1 |       ||     1
         Paralysed         |     1 |       ||     1
 Armour: Skin              |    32 |    17 ||    49
  Dodge: Dodged            |    39 |    29 ||    68

Table legend: (Time is in decaauts)
 A = Elapsed time spent in this place.
 B = Non-inter-level travel time spent in this place.
 C = Inter-level travel time spent in this place.
 D = Time resting spent in this place.
 E = Time spent auto-exploring this place.
 F = Levels seen in this place.
 G = Mean time per level.
                   A        B        C        D        E       F      G
               +--------+--------+--------+--------+--------+-----+--------+
         Total |   1531 |   1480 |     51 |    354 |    855 |   2 |  765.5 |
       Dungeon |   1531 |   1480 |     51 |    354 |    855 |   2 |  765.5 |
               +--------+--------+--------+--------+--------+-----+--------+

Top non-repeatable levels by time:
     D:1: 1252 daAuts
     D:2: 279 daAuts
